 Dungeon Crawl Stone Soup version 0.20-a0-795-ga03948b (console) character file.

70 nht the Ruffian (level 4, 0/35 HPs)
             Began as a Draconian Transmuter on Mar 1, 2017.
             Slain by a worm (11 damage)
             ... on level 2 of the Dungeon.
             The game lasted 00:01:24 (887 turns).

nht the Ruffian (Draconian Transmuter)               Turns: 887, Time: 00:01:25

Health: 0/35       AC:  8    Str: 12    XL:     4   Next: 3%
Magic:  7/7        EV: 12    Int: 17    God:
Gold:   58         SH:  0    Dex: 11    Spells: 6/7 levels left

rFire    . . .     SeeInvis .     - Unarmed
rCold    . . .     Gourm    .   (armour unavailable)
rNeg     . . .     Faith    .   (no shield)
rPois    .         Spirit   .   (helmet restricted)
rElec    .         Reflect  .   (no cloak)
rCorr    .         Harm     .   o - +2 pair of gloves
MR       .....                  (no boots)
Stlth    ..........             (no amulet)
Regen    0.2/turn               g - ring of loudness (curse)
MPRegen  0.1/turn               e - +2 ring of intelligence

@: no status effects
A: unfitting armour, cold-blooded, AC +5
a: no special abilities


You were on level 2 of the Dungeon.
You were not hungry.

You visited 1 branch of the dungeon, and saw 2 of its levels.

You collected 58 gold pieces.

Inventory:

Missiles
 a - 45 arrows
Armour
 o - a +2 pair of gloves (worn)
Jewellery
 e - a +2 ring of intelligence (left hand)
 g - a cursed ring of loudness (right hand)
Scrolls
 d - a scroll of remove curse {unknown}
 h - 4 scrolls of identify {unknown}
 k - a scroll of magic mapping {unknown}
 m - 2 scrolls of enchant armour {unknown}
 n - 2 scrolls of recharging {unknown}
Potions
 i - 2 potions of mutation {unknown}
 j - a potion of flight {unknown}
 l - a potion of resistance {unknown}
Books
 b - a book of Changes

   Spells                             Type                      Level
   a - Beastly Appendage              Transmutation                1
   b - Sticks to Snakes               Transmutation                2
   c - Spider Form                    Transmutation/Poison         3
   d - Ice Form                       Ice/Transmutation            4
   e - Blade Hands                    Transmutation                5
Comestibles
 c - 2 bread rations
 f - 2 royal jellies
 p - 3 chunks of flesh


   Skills:
 - Level 1.1 Fighting
 - Level 1.7 Dodging
 * Level 4.3 Unarmed Combat
 - Level 2.0 Spellcasting
 + Level 3.0 Transmutations


You had 6 spell levels left.
You knew the following spells:

 Your Spells              Type           Power        Failure   Level  Hunger
a - Beastly Appendage     Tmut           ##....       6%          1    #......


Dungeon Overview and Level Annotations

Branches:
Dungeon (2/15)

Altars:
Elyvilon


Innate Abilities, Weirdness & Mutations

Your plain brown scales are hard. (AC +5)
You cannot fit into any form of body armour.
You are cold-blooded and may be slowed by cold attacks.


Message History

The giant cockroach closely misses you.
There are monsters nearby!
You hit the worm but do no damage.
The worm is severely wounded.
The giant cockroach bites you but does no damage.
The worm bites you!
* * * LOW HITPOINT WARNING * * *
There are monsters nearby!
You barely miss the worm.
The worm is severely wounded.
The giant cockroach closely misses you.
There are monsters nearby!
You barely miss the worm.
The worm is severely wounded.
The giant cockroach barely misses you. The worm completely misses you.
You hit the worm.
The worm is almost dead.
The giant cockroach bites you but does no damage.
The worm bites you!
You die... █. █.█ █████████

█.█ █........ █ ████.█
█........ █. ....█
█..(..... ... █..█
█........
....██..██████†.......
.............†.......%
........█.████@s......
███████...█ █w.......
█...█ █........
██████...█ █$.......
█......█.█


██████+██ █.██████.█ █.█ █.█ █.█ +█ █.█ You could see a worm and a giant
cockroach.

Vanquished Creatures
  A gnoll (D:1)
  3 adders (D:2)
  A dart slug (D:2)
  3 giant cockroaches (D:1)
  2 hobgoblins (D:1)
  3 jackals (D:1)
  7 kobolds
  5 bats (D:1)
  A frilled lizard (D:1)
  4 goblins (D:1)
  2 rats
32 creatures vanquished.

Notes
Turn   | Place    | Note
-------+----------+-------------------------------------------
     0 | D:1      | nht the Draconian Transmuter began the quest for the Orb.
     0 | D:1      | Reached XP level 1. HP: 16/16 MP: 3/3
   142 | D:1      | Reached XP level 2. HP: 21/23 MP: 5/5
   494 | D:1      | Reached XP level 3. HP: 27/28 MP: 4/6
   683 | D:2      | Reached skill level 4 in Unarmed Combat
   733 | D:2      | Found a white marble altar of Elyvilon.
   869 | D:2      | Reached XP level 4. HP: 30/35 MP: 7/7
   887 | D:2      | Slain by a worm

Vault maps used:
D:1:      saegor_arrival_simple_b, roderic_malta_cross, minmay_tetromino_i2
D:2:      elyvilon_altar_4, first_bread, minmay_goblin_kobold_house

Skill      XL: |  1  2  3 |
---------------+----------+-----
Unarmed Combat | 4 |  4.3
Transmutations | 3 |  3.0
Fighting       | |  1.1
Dodging        | |  1.7
Spellcasting   | |  2.0

Action                   |  1- 3 |  4- 6 || total
-------------------------+-------+-------++-------
Melee: Unarmed           |   156 |    16 ||   172
       Tailslap          |    11 |       ||    11
       Kick              |     2 |       ||     2
       Punch             |     2 |       ||     2
 Cast: Beastly Appendage |     2 |       ||     2
Armor: Skin              |    54 |     6 ||    60
Dodge: Dodged            |   101 |    15 ||   116
